 Dungeon Crawl Stone Soup version 0.25-a0-890-g62861fb (webtiles) character file.

Game seed: 15334297563777220130, levelgen mode: deterministic

2555 robertstho the Magician (level 9, 0/63 HPs)
             Began as a Gnoll Skald on May 5, 2020.
             Was a Believer of Hepliaklqana.
             Slain by a phantom (7 damage)
             ... on level 7 of the Dungeon.
             The game lasted 00:13:09 (6415 turns).

robertstho the Magician (Gnoll Skald)               Turns: 6415, Time: 00:13:10

Health: 0/63       AC:  5    Str: 20    XL:     9   Next: 56%
Magic:  17/19      EV: 16    Int: 17    God:    Hepliaklqana [**....]
Gold:   355        SH:  0    Dex: 20    Spells: 10/21 levels left

rFire    . . .     SeeInvis .   t - +0 halberd
rCold    . . .     Gourm    .   (shield currently unavailable)
rNeg     . . .     Faith    .   q - +1 leather armour of Intercession {rElec Stlth+}
rPois    .         Spirit   .   (no helmet)
rElec    +         Reflect  .   (no cloak)
rCorr    .         Harm     .   c - +0 pair of gloves
MR       .....                  (no boots)
Stlth    ++++......             (no amulet)
HPRegen  0.20/turn              i - +5 ring of strength
MPRegen  0.16/turn              C - +5 ring of dexterity

@: lethally poisoned (0 -> -1), singing
A: distributed training, reduced essence, fangs 1, strong nose
a: Recall Ancestor, Ancestor Identity, Renounce Religion


You were on level 7 of the Dungeon.
You worshipped Hepliaklqana.
Hepliaklqana was pleased with you.
You were hungry.

You visited 2 branches of the dungeon, and saw 8 of its levels.

You collected 355 gold pieces.

Inventory:

Hand Weapons
 b - a +4 trident
 t - a +0 halberd (weapon)
Missiles
 e - 40 poisoned darts (quivered)
 g - 6 javelins
Armour
 c - a +0 pair of gloves (worn)
 q - the +1 leather armour of Intercession (worn) {rElec Stlth+}
   (You found it on level 6 of the Dungeon)

   It insulates you from electricity.
   It makes you more stealthy.
Jewellery
 i - a +5 ring of strength (left hand)
 C - a +5 ring of dexterity (right hand)
Wands
 k - a wand of flame (17)
 n - a wand of enslavement (7)
Scrolls
 f - 5 scrolls of teleportation
 j - 2 scrolls of fog
 l - a scroll of blinking
 m - 2 scrolls of remove curse
 o - 2 scrolls of amnesia {unknown}
 w - a scroll of fear {unknown}
Potions
 a - 2 potions of magic
 h - a potion of degeneration {unknown}
 p - a potion of haste {unknown}
 r - 3 potions of heal wounds {unknown}
 u - 2 potions of might {unknown}
 v - a potion of curing
 x - a potion of lignification
 B - a potion of brilliance
Comestibles
 d - 8 rations


   Skills:
 + Level 6.3 Fighting
 + Level 4.3 Short Blades
 + Level 4.3 Long Blades
 + Level 4.3 Axes
 + Level 4.3 Maces & Flails
 + Level 6.3 Polearms
 + Level 4.3 Staves
 + Level 4.3 Slings
 + Level 4.3 Bows
 + Level 4.3 Crossbows
 + Level 4.3 Throwing
 + Level 5.1 Armour
 + Level 6.3 Dodging
 + Level 4.3 Stealth
 + Level 4.3 Shields
 + Level 4.3 Unarmed Combat
 + Level 6.6 Spellcasting
 + Level 3.5 Conjurations
 + Level 3.5 Hexes
 + Level 6.6 Charms
 + Level 3.5 Summonings
 + Level 3.5 Necromancy
 + Level 3.5 Translocations
 + Level 3.5 Transmutations
 + Level 3.5 Fire Magic
 + Level 3.5 Ice Magic
 + Level 3.5 Air Magic
 + Level 3.5 Earth Magic
 + Level 3.5 Poison Magic
 + Level 4.7 Invocations
 + Level 4.3 Evocations


You had 10 spell levels left.
You knew the following spells:

 Your Spells              Type           Power        Failure   Level  Hunger
a - Infusion              Chrm           ####         1%          1    None
b - Song of Slaying       Chrm           ####....     1%          2    None
c - Shroud of Golubria    Chrm/Tloc      ###...       2%          2    None
d - Ozocubu's Armour      Chrm/Ice       ###.....     5%          3    ##.....
e - Spectral Weapon       Hex/Chrm       ###.....     5%          3    ##.....

Your spell library contained the following spells:

 Spells                   Type           Power        Failure   Level  Hunger


Dungeon Overview and Level Annotations

Branches:
Dungeon (7/15)             Temple (1/1) D:4

Altars:
Ashenzari
Cheibriados
Gozag
Hepliaklqana
Kikubaaqudgha
Makhleb
Nemelex Xobeh
Okawaru
Sif Muna
Uskayaw
The Shining One


Innate Abilities, Weirdness & Mutations

Your experience applies equally to all skills.
You have very sharp teeth.
Your uncanny sense of smell can sniff out nearby items.
Your life essence is reduced to manifest your ancestor. (-10% HP)


Message History

The phantom hits you but does no damage.
Friðuswiþ hits the phantom with a +0 dagger of draining.
You barely miss the phantom. Your bite misses the phantom.
The phantom is heavily damaged.
The adder bites you but does no damage.
The phantom hits you but does no damage.
The adder bites you.
* * * LOW HITPOINT WARNING * * *
Friðuswiþ misses the phantom.
You puncture the adder!
You kill the adder!
The bullfrog hits you but does no damage.
The phantom hits you!
* * * LOW HITPOINT WARNING * * *
Friðuswiþ closely misses the phantom.
Unknown command.
You puncture the bullfrog!
The bullfrog is moderately wounded.
The bullfrog closely misses you. The phantom hits you!
You die... #.. .#.. #.. ∆∆∆.#.# #. ∆ )..# ∆ # ∆∆)Z# Kl.

∆ ∆ ###Z### #. #
##RFo..## #..## ∆
##.@W9...# #..##. #
##...####..# #.###..
#.. #(.###..###
.....#..
#...#.##......###..#
#.. #......#R......#
#..
#..(###...)..##.#.#
∆∆#..
#....#.###..###..# ∆
#.. ####
#..####...########..
#.......##.........


You could see the friendly Friðuswiþ the hexer, a phantom, a gargoyle, a big
kobold, a bullfrog, an iguana, an orc, a jackal zombie and a howler monkey
skeleton.

Vanquished Creatures
  Grinder (D:5)
  Sigmund (D:2)
  An ogre (D:6)
  2 centaurs
  Blork the orc (D:4)
  3 bullfrogs
  2 scorpions
  5 wights
  An electric eel (D:7)
  3 hounds
  A quasit (D:5)
  An orc priest (D:4)
  A centaur skeleton (D:6)
  An orc wizard (D:4)
  Ijyb (D:5)
  Natasha (thrice) (D:2)
  3 worker ants
  A hound zombie (D:5)
  Robin (D:2)
  A worker ant zombie (D:6)
  9 adders
  2 shadow imps
  An ooze (D:6)
  3 adder skeletons (D:6)
  2 worms
  4 dart slugs
  6 leopard geckos
  14 orcs
  10 bats
  4 giant cockroaches
  12 goblins
  12 hobgoblins
  8 jackals
  8 kobolds
  3 quokkas (D:2)
  A ball python (D:7)
  4 frilled lizards
  2 rats (D:1)
139 creatures vanquished.

Vanquished Creatures (collateral kills)
  Eustachio (D:5)
  An orc warrior (D:7)
  A centaur (D:7)
  2 ogres
  A bullfrog (D:6)
  A wight (D:6)
  An orc priest (D:4)
  An orc wizard (D:5)
  A worker ant (D:6)
  2 hound skeletons (D:5)
  3 orcs
  A giant cockroach (D:6)
16 creatures vanquished.

Vanquished Creatures (others)
  A hexer (D:6)
  A kobold (D:2)
2 creatures vanquished.

Grand Total: 157 creatures vanquished

Notes
Turn   | Place    | Note
-------+----------+-------------------------------------------
     0 | D:1      | robertstho the Gnoll Skald began the quest for the Orb.
     0 | D:1      | Reached XP level 1. HP: 20/20 MP: 6/6
   290 | D:1      | Reached XP level 2. HP: 20/26 MP: 7/7
   918 | D:2      | Reached XP level 3. HP: 30/31 MP: 9/9
   918 | D:2      | Noticed Natasha
   923 | D:2      | Reached skill level 5 in Spellcasting
  1156 | D:2      | Reached skill level 1 in Invocations
  1211 | D:2      | Killed Natasha
  1211 | D:2      | Reached skill level 1 in Short Blades
  1211 | D:2      | Reached skill level 1 in Long Blades
  1211 | D:2      | Reached skill level 1 in Axes
  1211 | D:2      | Reached skill level 1 in Maces & Flails
  1211 | D:2      | Reached skill level 1 in Staves
  1211 | D:2      | Reached skill level 1 in Slings
  1211 | D:2      | Reached skill level 1 in Bows
  1211 | D:2      | Reached skill level 1 in Crossbows
  1211 | D:2      | Reached skill level 1 in Throwing
  1211 | D:2      | Reached skill level 1 in Stealth
  1211 | D:2      | Reached skill level 1 in Shields
  1211 | D:2      | Reached skill level 1 in Unarmed Combat
  1211 | D:2      | Reached skill level 1 in Evocations
  1211 | D:2      | Reached XP level 4. HP: 5/38 MP: 8/11
  1212 | D:2      | HP: 1/38 [hobgoblin/javelin (5)]
  1319 | D:2      | Noticed Natasha
  1336 | D:2      | Killed Natasha
  1336 | D:2      | Reached skill level 1 in Conjurations
  1336 | D:2      | Reached skill level 1 in Hexes
  1336 | D:2      | Reached skill level 1 in Summonings
  1336 | D:2      | Reached skill level 1 in Necromancy
  1336 | D:2      | Reached skill level 1 in Translocations
  1336 | D:2      | Reached skill level 1 in Transmutations
  1336 | D:2      | Reached skill level 1 in Fire Magic
  1336 | D:2      | Reached skill level 1 in Ice Magic
  1336 | D:2      | Reached skill level 1 in Air Magic
  1336 | D:2      | Reached skill level 1 in Earth Magic
  1336 | D:2      | Reached skill level 1 in Poison Magic
  1618 | D:2      | Reached XP level 5. HP: 43/43 MP: 12/12
  1621 | D:2      | Noticed Robin
  1660 | D:2      | Killed Robin
  1727 | D:2      | Noticed Natasha
  1735 | D:2      | Killed Natasha
  2206 | D:2      | Reached XP level 6. HP: 19/50 MP: 10/13
  2625 | D:2      | Noticed Sigmund
  2651 | D:2      | Killed Sigmund
  2651 | D:2      | Reached skill level 5 in Fighting
  2651 | D:2      | Reached skill level 5 in Polearms
  2651 | D:2      | Reached skill level 5 in Dodging
  3044 | D:3      | Learned a level 2 spell: Song of Slaying
  3047 | D:3      | Learned a level 2 spell: Shroud of Golubria
  3051 | D:3      | Learned a level 3 spell: Ozocubu's Armour
  3055 | D:3      | Learned a level 3 spell: Spectral Weapon
  3196 | D:3      | Found a burning altar of Makhleb.
  3446 | D:3      | Reached XP level 7. HP: 51/56 MP: 15/15
  3711 | D:4      | Noticed Blork the orc
  3720 | D:4      | Killed Blork the orc
  3855 | D:4      | Found a staircase to the Ecumenical Temple.
  3902 | Temple   | Entered the Ecumenical Temple
  4122 | Temple   | Became a worshipper of Hepliaklqana the Forgotten
  4664 | D:5      | Entered Level 5 of the Dungeon
  4791 | D:5      | Noticed Ijyb
  4798 | D:5      | Killed Ijyb
  4798 | D:5      | Reached XP level 8. HP: 47/56 MP: 16/16
  4879 | D:5      | Reached * piety under Hepliaklqana
  4881 | D:5      | Noticed Grinder
  4892 | D:5      | Killed Grinder
  4979 | D:5      | Noticed Eustachio
  4985 | D:5      | Killed Eustachio
  5646 | D:6      | Reached XP level 9. HP: 59/62 MP: 18/18
  5731 | D:6      | Got a warped leather armour
  5741 | D:6      | Identified the +1 leather armour of Intercession {rElec
                  | Stlth+} (You found it on level 6 of the Dungeon)
  5789 | D:6      | Reached ** piety under Hepliaklqana
  5790 | D:6      | Remembered your ancestor Friðuswiþ as a hexer
  6399 | D:7      | Reached skill level 5 in Armour
  6402 | D:7      | Noticed a gargoyle
  6415 | D:7      | Slain by a phantom

Levels and vault maps discovered:
D:1:      psy_arrival_fountain, layout_basic
D:2:      layout_basic, nrook_campfire, uniq_natasha, uniq_robin, uniq_sigmund
D:3:      layout_loops_ring, makhleb_grotto_becter
D:4:      layout_cave_pools, minmay_temple_entry_crystal_x, serial_column_ruins,
          column_ruins_hut_pillars, column_ruins_grid_4, column_ruins_grid_3,
          column_ruins_columns_dead_end, column_ruins_grid_3,
          column_ruins_open_tiny, wad_orctagon, uniq_blork_the_orc
D:5:      layout_basic, first_ration, uniq_ijyb, uniq_grinder, uniq_eustachio
D:6:      layout_gridville
D:7:      minmay_the_grid_octo_tiled_squarecenter
          [minmay_the_grid_octo_clover_2, minmay_the_grid_octo_odd_swirl,
          minmay_the_grid_octo_thin_diamonds, minmay_the_grid_octo_fat_diamond,
          minmay_the_grid_square_5x5_megaprize_open,
          minmay_the_grid_square_5x5_minivault,
          minmay_the_grid_square_5x5_tri_point,
          minmay_the_grid_square_5x5_three_walls, minmay_the_grid_square_5x5_z],
          layout_basic, grunt_temple_overflow_forces_of_nature, minitemple,
          serial_bayou, serial_bayou_pond_c, serial_bayou_lagoon_b,
          serial_bayou_pond_e, serial_bayou_lagoon_a, serial_bayou_pond_d
Temple:   jpeg_temple_alley_garden

Skill      XL: |  1  2  3  4  5  6  7  8  9 |
---------------+----------------------------+-----
Spellcasting   | 5 6 |  6.6
Invocations    | 1 2 3 4 |  4.7
Short Blades   | 1 2 3 4 |  4.3
Long Blades    | 1 2 3 4 |  4.3
Axes           | 1 2 3 4 |  4.3
Maces & Flails | 1 2 3 4 |  4.3
Staves         | 1 2 3 4 |  4.3
Slings         | 1 2 3 4 |  4.3
Bows           | 1 2 3 4 |  4.3
Crossbows      | 1 2 3 4 |  4.3
Throwing       | 1 2 3 4 |  4.3
Stealth        | 1 2 3 4 |  4.3
Shields        | 1 2 3 4 |  4.3
Unarmed Combat | 1 2 3 4 |  4.3
Evocations     | 1 2 3 4 |  4.3
Conjurations   | 1 2 3 |  3.5
Hexes          | 1 2 3 |  3.5
Summonings     | 1 2 3 |  3.5
Necromancy     | 1 2 3 |  3.5
Translocations | 1 2 3 |  3.5
Transmutations | 1 2 3 |  3.5
Fire Magic     | 1 2 3 |  3.5
Ice Magic      | 1 2 3 |  3.5
Air Magic      | 1 2 3 |  3.5
Earth Magic    | 1 2 3 |  3.5
Poison Magic   | 1 2 3 |  3.5
Armour         | 3 4 5 |  5.1
Fighting       | 5 6 |  6.3
Polearms       | 5 6 |  6.3
Dodging        | 5 6 |  6.3
Charms         | 6 |  6.6

Action                   |  1- 3 |  4- 6 |  7- 9 || total
-------------------------+-------+-------+-------++-------
Melee: Spear             |   123 |   188 |    18 ||   329
       Bite              |     6 |    13 |    33 ||    52
       Punch             |     1 |       |       ||     1
       Halberd           |       |       |   237 ||   237
 Cast: Infusion          |     2 |     5 |     1 ||     8
       Shroud of Golubri |       |       |     3 ||     3
       Spectral Weapon   |       |       |     1 ||     1
       Ozocubu's Armour  |       |       |     1 ||     1
       Song of Slaying   |       |       |     1 ||     1
Invok: Ancestor Life: He |       |       |     1 ||     1
  Use: Scroll            |     5 |       |     6 ||    11
       Potion            |       |     1 |     1 ||     2
 Stab: Sleeping          |       |     3 |     9 ||    12
  Eat: Chunk             |     1 |     7 |     6 ||    14
       Ration            |       |       |     1 ||     1
Armor: Leather armour    |    33 |    28 |    59 ||   120
Dodge: Dodged            |   110 |    79 |   169 ||   358

Table legend:
 A = Non-vault XP
 B = Vault XP
 C = Vault XP percentage of total XP
 D = Non-vault monster count
 E = Vault monster count
 F = Vault count percentage of total count
                 A         B        C        D         E       F
            +---------+---------+-------+---------+---------+-------
      Total |    2119 |    1532 |  42.0 |     121 |      34 |  21.9
            +---------+---------+-------+---------+---------+-------
        D:1 |      33 |       0 |   0.0 |      19 |       0 |   0.0
        D:2 |     228 |     311 |  57.7 |      27 |      15 |  35.7
        D:3 |     157 |      11 |   6.5 |      15 |       1 |   6.2
        D:4 |     294 |     110 |  27.2 |      16 |       6 |  27.3
        D:5 |     158 |     497 |  75.9 |      11 |       3 |  21.4
        D:6 |    1079 |       0 |   0.0 |      31 |       0 |   0.0
        D:7 |     170 |     603 |  78.0 |       2 |       9 |  81.8
            +---------+---------+-------+---------+---------+-------
